 Dungeon Crawl Stone Soup version 0.25-a0-510-ge065f6de7d (webtiles) character file.

Game seed: 3004622757944416894, levelgen mode: deterministic

2184 Defined the Covered (level 9, 0/67 HPs)
             Began as a Gnoll Wanderer on Feb 15, 2020.
             Was an Initiate of Gozag.
             Slain by an orc warrior
             ... wielding a +0 scimitar
              (12 damage)
             ... on level 8 of the Dungeon.
             The game lasted 00:29:35 (9084 turns).

Defined the Covered (Gnoll Wanderer)                Turns: 9084, Time: 00:29:35

Health: 0/67       AC: 12    Str: 18    XL:     9   Next: 33%
Magic:  16/16      EV: 12    Int: 17    God:    Gozag
Gold:   1451       SH:  0    Dex: 14    Spells: 17/18 levels left

rFire    . . .     SeeInvis .   d - +1 short sword (flame)
rCold    . . .     Gourm    .   (no shield)
rNeg     . . .     Faith    .   v - +4 scale mail
rPois    .         Spirit   .   (no helmet)
rElec    .         Reflect  +   z - +0 cloak
rCorr    .         Harm     .   (no gloves)
MR       .....                  (no boots)
Stlth    ..........             E - +4 amulet of reflection
HPRegen  0.21/turn              M - +2 ring of strength
MPRegen  0.15/turn              (no ring)

@: confused, marked
A: distributed training, fangs 1, strong nose
a: Potion Petition, Call Merchant, Bribe Branch, Renounce Religion


You were on level 8 of the Dungeon.
You worshipped Gozag.
Gozag was most pleased with you.
You were not hungry.

You visited 1 branch of the dungeon, and saw 8 of its levels.
You also visited: Ossuary.

You collected 1474 gold pieces.
You paid 23 gold pieces to Gozag.

Inventory:

Hand Weapons
 a - a +0 hunting sling
 b - a +0 mace of draining
 d - a +1 short sword of flaming (weapon)
Missiles
 g - 38 poisoned darts (quivered)
 i - 54 sling bullets
 m - 159 stones
 L - 8 curare-tipped darts
Armour
 v - a +4 scale mail (worn)
 z - a +0 cloak (worn)
Magical Staves
 B - an uncursed staff of power
Jewellery
 j - an uncursed amulet of the gourmand
 E - a +4 amulet of reflection (around neck)
 M - a +2 ring of strength (left hand)
Wands
 y - a wand of polymorph (3)
 A - a wand of clouds (1)
 C - a wand of flame (32)
Scrolls
 e - 4 scrolls of remove curse
 h - a scroll of enchant weapon {unknown}
 l - 3 scrolls of fear
 n - 2 scrolls of enchant armour
 o - 3 scrolls of amnesia
 q - a scroll of magic mapping
 u - a scroll of fog {unknown}
 w - a scroll of noise
 x - 5 scrolls of teleportation
 H - a scroll of silence {unknown}
Potions
 c - 3 potions of lignification
 r - 5 potions of curing
 s - a potion of invisibility
 t - a potion of brilliance {unknown}
 D - a potion of cancellation {unknown}
 G - 3 potions of haste {unknown}
 I - 3 potions of resistance
 J - a potion of berserk rage {unknown}
 K - a potion of heal wounds {unknown}
Comestibles
 f - 9 rations


   Skills:
 + Level 4.9 Fighting
 + Level 4.0 Short Blades
 + Level 4.0 Long Blades
 + Level 4.0 Axes
 + Level 4.0 Maces & Flails
 + Level 4.0 Polearms
 + Level 4.0 Staves
 + Level 4.0 Slings
 + Level 4.0 Bows
 + Level 6.2 Crossbows
 + Level 4.0 Throwing
 + Level 6.2 Armour
 + Level 4.0 Dodging
 + Level 4.7 Stealth
 + Level 4.0 Shields
 + Level 4.0 Unarmed Combat
 + Level 5.0 Spellcasting
 + Level 3.3 Conjurations
 + Level 3.3 Hexes
 + Level 4.0 Charms
 + Level 3.3 Summonings
 + Level 3.3 Necromancy
 + Level 3.3 Translocations
 + Level 3.3 Transmutations
 + Level 3.3 Fire Magic
 + Level 4.0 Ice Magic
 + Level 3.3 Air Magic
 + Level 3.3 Earth Magic
 + Level 3.3 Poison Magic
 + Level 4.5 Invocations
 + Level 4.9 Evocations


You had 17 spell levels left.
You knew the following spells:

 Your Spells              Type           Power        Failure   Level  Hunger
a - Freeze                Ice            ###.         8%          1    None

Your spell library contained the following spells:

 Spells                   Type           Power        Failure   Level  Hunger
 Beastly Appendage        Tmut           ###...       11%         1    None
 Frozen Ramparts          Ice            ###...       24%         3    ###....
 Ozocubu's Armour         Chrm/Ice       ###.....     24%         3    ###....
 Spider Form              Tmut/Pois      ###.......   30%         3    ###....
 Hailstorm                Conj/Ice       ###.....     65%         4    ####...
 Summon Ice Beast         Ice/Summ       ###.....     65%         4    ####...


Dungeon Overview and Level Annotations

Branches:
Dungeon (8/15)             Temple (0/1) D:4         Ossuary (visited)
   Lair: D:8-11

Altars:
Elyvilon
Gozag
Hepliaklqana
Kikubaaqudgha
Okawaru
Qazlal
Sif Muna
Uskayaw
Xom
Yredelemnul
Zin

Shops:
D:5 *

Annotations:
D:8 1 runed translucent door, exclusion: 4 orange crystal statues


Innate Abilities, Weirdness & Mutations

Your experience applies equally to all skills.
You have very sharp teeth.
Your uncanny sense of smell can sniff out nearby items.


Message History

You hit the orc but do no damage.
The orc warrior hits you with a +0 scimitar!
* * * LOW HITPOINT WARNING * * *
The orc hits you but does no damage.
You are confused.
You feel invigorated.
The orc wizard is engulfed in noxious fumes.
The orc wizard appears confused.
The orc warrior hits you with a +0 scimitar!
* * * LOW HITPOINT WARNING * * *
The orc wizard is engulfed in noxious fumes.
The orc wizard appears confused.
The orc wizard hits the orc but does no damage.
The orc closely misses you.
You barely miss the orc.
The orc wizard is engulfed in noxious fumes.
The orc wizard appears confused.
The orc wizard closely misses the orc.
The orc warrior hits you with a +0 scimitar!
You die...
Your body crumbles into a pile of gold.

*,,,,,#................#
*.#**,#................# ***.#
#.#................# #...#
#..................# * #...#
###................##****** #...#
##................##..,** #...#
##.....##............,,* ....#
###.##.o.##§........,,, #...#
##.##@oo§§§........,,,
#...########......!§§§....$...,,,
...........>..####'####.......,,*
...########...#8....(8#......?,**
##...# #.#.#.#...#.#..##.##***
###.### *#.#.#......,#..#*.# *
#...##*..#.#...[%..*,***,** *
###..#..##.#.(.....#,* *,,****
##.#.###.#.#...#.#,* **,,,,,


You could see an orc warrior, an orc wizard (confused) and an orc.

Vanquished Creatures
  A hippogriff (D:7)
  Sigmund (D:3)
  A spriggan (D:7)
  Menkaure (Ossuary)
  An ice beast (D:7)
  2 ogres (D:7)
  A centaur (D:5)
  A big kobold (D:8)
  2 bullfrogs
  3 scorpions
  3 crimson imps
  3 orc priests
  A bullfrog skeleton (D:5)
  2 hounds
  2 jellies
  2 orc wizards
  An iguana (D:7)
  7 worker ants
  3 mummies (Ossuary)
  9 adders
  A shadow imp (D:8)
  An ooze (D:4)
  An adder zombie (D:5)
  6 worms
  2 dart slugs
  2 leopard geckos
  11 orcs
  3 giant cockroaches
  3 gnoll zombies (Ossuary)
  5 goblins
  2 hobgoblins
  16 jackals
  10 kobolds
  3 quokkas
  2 ball pythons
  7 bats
  6 frilled lizards
  3 gnoll skeletons (Ossuary)
  4 goblin skeletons (Ossuary)
  6 goblin zombies (Ossuary)
  5 hobgoblin skeletons (Ossuary)
  4 hobgoblin zombies (Ossuary)
  4 kobold skeletons (Ossuary)
  6 kobold zombies (Ossuary)
  3 orc skeletons (Ossuary)
  6 orc zombies (Ossuary)
  4 rats
  3 rat skeletons (Ossuary)
176 creatures vanquished.

Vanquished Creatures (others)
  2 hobgoblin skeletons (Ossuary)
  An orc skeleton (Ossuary)
3 creatures vanquished.

Grand Total: 179 creatures vanquished

Notes
Turn   | Place    | Note
-------+----------+-------------------------------------------
     0 | D:1      | Defined the Gnoll Wanderer began the quest for the Orb.
     0 | D:1      | Defined set off with the following items: a +0 club, a
                  | potion of lignification, a +0 robe, a ration; and the
                  | following spells available to memorise: Freeze, Beastly
                  | Appendage, Frozen Ramparts, Ozocubu's Armour, Spider Form,
                  | Hailstorm, Summon Ice Beast
     0 | D:1      | Reached XP level 1. HP: 17/17 MP: 4/4
     8 | D:1      | Learned a level 1 spell: Freeze
   258 | D:1      | Reached XP level 2. HP: 22/23 MP: 1/5
  1180 | D:2      | Found an opulent altar of Gozag.
  1184 | D:2      | Reached XP level 3. HP: 28/28 MP: 4/7
  1198 | D:2      | Became a worshipper of Gozag Ym Sagoz the Greedy
  1596 | D:2      | Reached skill level 1 in Invocations
  1842 | D:1      | Reached skill level 1 in Short Blades
  1842 | D:1      | Reached skill level 1 in Long Blades
  1842 | D:1      | Reached skill level 1 in Axes
  1842 | D:1      | Reached skill level 1 in Maces & Flails
  1842 | D:1      | Reached skill level 1 in Polearms
  1842 | D:1      | Reached skill level 1 in Staves
  1842 | D:1      | Reached skill level 1 in Slings
  1842 | D:1      | Reached skill level 1 in Bows
  1842 | D:1      | Reached skill level 1 in Throwing
  1842 | D:1      | Reached skill level 1 in Dodging
  1842 | D:1      | Reached skill level 1 in Shields
  1842 | D:1      | Reached skill level 1 in Unarmed Combat
  1842 | D:1      | Reached XP level 4. HP: 12/34 MP: 5/8
  2409 | D:2      | Found a hazy altar of Hepliaklqana.
  2409 | D:2      | Found a glowing silver altar of Zin.
  2417 | D:2      | Found a shimmering altar of Xom.
  2419 | D:2      | Found a hide-covered altar of Uskayaw.
  2421 | D:2      | Found a white marble altar of Elyvilon.
  2635 | D:2      | Found a shimmering blue altar of Sif Muna.
  2942 | D:3      | Noticed Sigmund
  2980 | D:3      | Found an ancient bone altar of Kikubaaqudgha.
  3040 | D:3      | Reached skill level 1 in Conjurations
  3040 | D:3      | Reached skill level 1 in Hexes
  3040 | D:3      | Reached skill level 1 in Summonings
  3040 | D:3      | Reached skill level 1 in Necromancy
  3040 | D:3      | Reached skill level 1 in Translocations
  3040 | D:3      | Reached skill level 1 in Transmutations
  3040 | D:3      | Reached skill level 1 in Fire Magic
  3040 | D:3      | Reached skill level 1 in Air Magic
  3040 | D:3      | Reached skill level 1 in Earth Magic
  3040 | D:3      | Reached skill level 1 in Poison Magic
  3268 | D:3      | Found an iron altar of Okawaru.
  3427 | D:3      | Reached XP level 5. HP: 31/40 MP: 9/9
  3599 | D:3      | Killed Sigmund
  3599 | D:3      | Reached skill level 5 in Crossbows
  3599 | D:3      | Reached skill level 5 in Armour
  3599 | D:3      | Reached XP level 6. HP: 30/47 MP: 9/11
  4562 | D:4      | Found a staircase to the Ecumenical Temple.
  4573 | D:4      | Reached XP level 7. HP: 43/52 MP: 12/12
  4777 | D:5      | Entered Level 5 of the Dungeon
  5587 | D:5      | Found a stormy altar of Qazlal.
  5587 | D:5      | Found a basalt altar of Yredelemnul.
  5714 | D:5      | Found Typsoz's General Store.
  6009 | D:6      | Found a glowing silver altar of Zin.
  6233 | D:6      | Reached XP level 8. HP: 60/60 MP: 14/14
  7023 | D:7      | Noticed a hippogriff
  7040 | D:7      | Killed a hippogriff
  7795 | D:7      | Noticed a spriggan baker
  7816 | D:7      | Killed a spriggan baker
  7816 | D:7      | Reached XP level 9. HP: 58/66 MP: 16/16
  8012 | D:8      | Found a sand-covered staircase.
  8018 | Ossuary  | Entered an ossuary
  8499 | Ossuary  | Noticed Menkaure
  8531 | Ossuary  | Killed Menkaure
  8831 | D:8      | Reached skill level 5 in Spellcasting
  8993 | D:8      | Found a runed translucent door.
  9000 | D:8      | Found the +10 tower shield of Ignorance {rN+ Int-4}
  9005 | D:8      | Found a runed translucent door.
  9012 | D:8      | Noticed an orange crystal statue
  9012 | D:8      | Noticed an orange crystal statue
  9012 | D:8      | Noticed an orange crystal statue
  9012 | D:8      | Noticed an orange crystal statue
  9084 | D:8      | Slain by an orc warrior

Levels and vault maps discovered:
D:1:      grunt_arrival_crossed_arrows, layout_basic,
          minmay_misc_feat_more_columns, minmay_misc_feat_doors,
          patterned_corridor
D:2:      layout_loops_cross, old_standard_altar, lemuel_blue_sif_altar,
          chequers_temple_overflow_minitemple, serial_forest,
          infiniplex_forest_3_way, infiniplex_forest_end_2,
          infiniplex_forest_end_double, infiniplex_forest_corner_1,
          infiniplex_forest_lined_1, minivault_23
D:3:      layout_basic, kiku_gazebo_pond_becter, first_ration,
          okawaru_metal_pillars_3, uniq_sigmund
D:4:      layout_cave_pods, minmay_temple_entry_overgrown
D:5:      layout_basic, gammafunk_temple_overflow_wave, serial_shops,
          nicolae_shop_statue_plus
D:6:      layout_loops_ring, basic_altar
D:7:      layout_loops_corners, the_bakery, kennysheep_generic_room_10
D:8:      layout_rooms, nicolae_ossuary_entry_plus,
          chequers_guarded_unrand_ignorance

Skill      XL: |  1  2  3  4  5  6  7  8  9 |
---------------+----------------------------+-----
Charms         | 2 3 4 |  4.0
Ice Magic      | 2 3 4 |  4.0
Invocations    | 1 2 3 4 |  4.5
Short Blades   | 1 2 3 4 |  4.0
Long Blades    | 1 2 3 4 |  4.0
Axes           | 1 2 3 4 |  4.0
Maces & Flails | 1 2 3 4 |  4.0
Polearms       | 1 2 3 4 |  4.0
Staves         | 1 2 3 4 |  4.0
Slings         | 1 2 3 4 |  4.0
Bows           | 1 2 3 4 |  4.0
Throwing       | 1 2 3 4 |  4.0
Dodging        | 1 2 3 4 |  4.0
Shields        | 1 2 3 4 |  4.0
Unarmed Combat | 1 2 3 4 |  4.0
Spellcasting   | 3 4 5 |  5.0
Conjurations   | 1 2 3 |  3.3
Hexes          | 1 2 3 |  3.3
Summonings     | 1 2 3 |  3.3
Necromancy     | 1 2 3 |  3.3
Translocations | 1 2 3 |  3.3
Transmutations | 1 2 3 |  3.3
Fire Magic     | 1 2 3 |  3.3
Air Magic      | 1 2 3 |  3.3
Earth Magic    | 1 2 3 |  3.3
Poison Magic   | 1 2 3 |  3.3
Fighting       | 3 4 |  4.9
Crossbows      | 5 6 |  6.2
Armour         | 5 6 |  6.2
Stealth        | 3 4 |  4.7
Evocations     | 3 4 |  4.9

Action                   |  1- 3 |  4- 6 |  7- 9 || total
-------------------------+-------+-------+-------++-------
Melee: Club              |    22 |       |       ||    22
       Whip              |    28 |       |       ||    28
       Bite              |    10 |    17 |    70 ||    97
       Short sword       |    48 |   147 |   295 ||   490
       Punch             |       |     2 |     8 ||    10
       Mace              |       |       |   253 ||   253
       Staff             |       |       |    11 ||    11
Throw: Dart              |       |    15 |    59 ||    74
 Cast: Freeze            |    32 |     5 |       ||    37
Evoke: Wand              |       |       |     3 ||     3
  Use: Scroll            |       |    10 |     8 ||    18
       Potion            |       |       |     4 ||     4
 Stab: Distracted        |     1 |       |     4 ||     5
  Eat: Chunk             |     5 |       |       ||     5
       Ration            |       |     3 |     4 ||     7
Armor: Ring mail         |    52 |       |       ||    52
       Plate armour      |    53 |    51 |       ||   104
       Scale mail        |       |    42 |   300 ||   342
Dodge: Dodged            |    93 |    47 |   319 ||   459
Block: Other             |       |       |    37 ||    37

Table legend:
 A = Non-vault XP
 B = Vault XP
 C = Vault XP percentage of total XP
 D = Non-vault monster count
 E = Vault monster count
 F = Vault count percentage of total count
                 A         B        C        D         E       F
            +---------+---------+-------+---------+---------+-------
      Total |    2352 |     769 |  24.6 |     122 |      52 |  29.9
            +---------+---------+-------+---------+---------+-------
        D:1 |      41 |       0 |   0.0 |      18 |       0 |   0.0
        D:2 |      88 |       0 |   0.0 |      25 |       0 |   0.0
        D:3 |      70 |     242 |  77.6 |      13 |       1 |   7.1
        D:4 |     309 |       0 |   0.0 |      15 |       0 |   0.0
        D:5 |     421 |       0 |   0.0 |      15 |       0 |   0.0
        D:6 |     136 |       0 |   0.0 |       8 |       0 |   0.0
        D:7 |     942 |     257 |  21.4 |      11 |       2 |  15.4
        D:8 |     345 |       0 |   0.0 |      17 |       0 |   0.0
    Ossuary |       0 |     270 | 100.0 |       0 |      49 | 100.0
            +---------+---------+-------+---------+---------+-------
